 Dungeon Crawl Stone Soup version 0.17-a0-1923-gc35365e (webtiles) character file.

117490 4thArraOfDagon the Brawler (level 16, -1/156 HPs)
             Began as a Troll Monk on Sept 28, 2015.
             Was a High Priest of Ru.
             Slain by a snapping turtle (18 damage)
             ... summoned by a merfolk impaler
             ... on level 4 of the Shoals.
             The game lasted 01:45:03 (14629 turns).

4thArraOfDagon the Brawler (Troll Monk)            Turns: 14629, Time: 01:45:03

Health: -1/156     AC: 12    Str: 30    XL:     16   Next: 23%
Magic:  20/20      EV: 12    Int: 11    God:    Ru [*****.]
Gold:   1311       SH:  2    Dex: 16    Spells: 6 memorised, 3 levels left

rFire  + . .     SeeInvis .       - Unarmed
rCold  + + +     Clarity  +     x - +2 robe {rC+ rF+}
rNeg   . . .     SustAt   .     (no shield)
rPois  .         Gourm    +     H - +2 hat {MR+}
rElec  +         Spirit   .     e - +1 cloak "Nuacwu Batto" {rElec Str+2 Dex+4}
rCorr  .         Warding  .     (gloves unavailable)
rMut   .         Stasis   .     (boots unavailable)
MR     ++...                    v - amulet of rage
Stlth  ..........               w - ring of flight
                                T - ring of Leegem {rElec MR+ Str+7 Slay+5}

@: exhausted, about to teleport, flying, heavily drained, very resistant to
hostile enchantments, extremely unstealthy
A: unfitting armour, claws 3, large bone plates 1, clarity, cold resistance 3,
deformed body, fast metabolism 3, gourmand, low mp 1, regeneration 2, shaggy fur
1, spit poison 1, tough skin 2, weak 1, no stealth, inability to train armour,
slow reflexes 1, magic vulnerability 1
a: Spit Poison, Draw Out Power, Power Leap, Apocalypse, Renounce Religion, Evoke
Berserk Rage, Stop Flying


You were on level 4 of the Shoals.
You worshipped Ru.
Ru was extremely pleased with you.
You were full.

You visited 5 branches of the dungeon, and saw 33 of its levels.
You also visited: Labyrinth.

You collected 2739 gold pieces.
You spent 1428 gold pieces at shops.

Inventory:

Hand weapons
 y - a +0 giant spiked club
 Z - the +6 Majin-Bo {vamp, Archmagi MP+6 Int+6}
   (You found it on level 2 of the Lair of Beasts)

   It inflicts no extra harm, but heals its wielder somewhat when it strikes a
   living foe.
   It affects your intelligence (+6).
   It affects your magic capacity (+6).
Missiles
 t - 9 large rocks (quivered)
 B - a throwing net
Armour
 e - the +1 cloak "Nuacwu Batto" (worn) {rElec Str+2 Dex+4}
   (You acquired it on level 12 of the Dungeon)

   It affects your strength (+2).
   It affects your dexterity (+4).
   It insulates you from electricity.
 f - a +2 shield of protection
 x - a +2 robe of resistance (worn)
 H - a +2 hat of magic resistance (worn)
Rods
 N - a +0 rod of ignition (11/11)
   (You found it on level 7 of the Lair of Beasts)
Jewellery
 n - an uncursed ring of sustain attributes
 p - an uncursed amulet of stasis
 v - an amulet of rage (around neck)
 w - a ring of flight (right claw)
 z - the ring "Reog" {MR++ Str-3 Dex+3}
   (You found it on level 3 of the Shoals)

   [ring of strength]

   It affects your strength (-3).
   It affects your dexterity (+3).
   It affects your resistance to hostile enchantments.
 P - an uncursed amulet of clarity
 R - an uncursed ring of protection from fire
 S - a +2 ring of evasion
 T - the ring of Leegem (left claw) {rElec MR+ Str+7 Slay+5}
   (You found it on level 13 of the Dungeon)

   [ring of protection from magic]

   It affects your strength (+7).
   It affects your accuracy and damage with ranged weapons and melee attacks
   (+5).
   It insulates you from electricity.
   It affects your resistance to hostile enchantments.
 U - an uncursed ring of positive energy
 W - an uncursed ring of fire
Magical devices
 q - a wand of disintegration (4)
 r - a wand of paralysis (13)
 s - a wand of teleportation (4)
 A - a wand of digging (9)
 D - a wand of heal wounds (0)
 E - a wand of polymorph (4)
 Q - a wand of hasting (3)
Scrolls
 h - 4 scrolls of immolation
 j - a scroll of fog
 l - 13 scrolls of remove curse
 o - a scroll of noise
 u - 6 scrolls of teleportation
 V - a scroll of silence
Potions
 a - a potion of brilliance
 d - 2 potions of lignification
 i - a potion of agility
 k - a potion of invisibility
 C - 4 potions of might
 F - 2 potions of resistance
 G - 2 potions of cancellation
 I - a potion of cure mutation
 J - 3 potions of curing
 L - 2 potions of ambrosia
 O - a potion of berserk rage
 X - 3 potions of magic
Miscellaneous
 Y - a disc of storms
Comestibles
 b - 11 bread rations
 c - 8 meat rations
 m - 23 fruits
 K - 2 royal jellies


   Skills:
 - Level 9.0(7.4) Fighting
 - Level 10.0(8.4) Dodging
 - Level 16.1(14.2) Unarmed Combat
 + Level 5.1(3.8) Spellcasting
 - Level 2.1(0.8) Charms
 - Level 2.6(1.3) Necromancy
 * Level 9.0(7.4) Transmutations
 * Level 10.5(8.9) Earth Magic
 - Level 5.6(4.2) Evocations


You had 3 spell levels left.
You knew the following spells:

 Your Spells              Type           Power        Failure   Level  Hunger
a - Statue Form           Trmt/Erth      ###......    96%         6    #######
b - Passwall              Trmt/Erth      ###.......   2%          3    ###....
c - Regeneration          Chrm/Necr      #.........   47%         3    ###....
d - Animate Skeleton      Necr           N/A          17%         1    #......
e - Stoneskin             Trmt/Erth      ###.....     1%          2    ##.....
f - Controlled Blink      Tloc           N/A          100%        7    #######


Dungeon Overview and Level Annotations

Branches:
Dungeon (14/15)            Temple (0/1) D:7            Lair (8/8) D:11
 Shoals (4/4) Lair:6       Spider (0/4) Lair:4          Orc (4/4) D:9
    Elf (3/3) Orc:3
  Slime: Lair:6-8    Vaults: D:13-14

Altars:
Elyvilon
Fedhas
Kikubaaqudgha
Qazlal
Ru
Sif Muna
Trog
Vehumet
Xom
Yredelemnul
The Shining One

Shops:
D:10 :   Orc:4 [([(   Elf:2 (   Elf:3 }   Shoals:3 (

Annotations:
D:5 Sigmund
D:14 Frances
Lair:1 exclusion: oklob plant
Lair:3 exclusion: oklob plant
Lair:6 exclusion: oklob plant
Elf:2 3 runed doors


Innate Abilities, Weirdness & Mutations

You are too large for most types of armour.
You have claws for hands.
Your metabolism is lightning-fast.
You like to eat raw meat.
Your magical capacity is low (-10% MP).
You heal very quickly.
You are covered in fur (AC +1).
You have very tough skin (AC +2).
You are weak. (Str -2)
You cannot be stealthy.
You cannot train Armour skill.
You have somewhat slow reflexes. (-3 EV)
You are slightly vulnerable to magic.
You are partially covered in large bone plates (AC +2, SH +2).
You possess an exceptional clarity of mind.
Your flesh is almost immune to the effects of cold.
Armour fits poorly on your strangely shaped body.
You can spit weak poison.


Message History

* * * LOW HITPOINT WARNING * * *
You focus your will and blind the merfolk impaler in retribution!
The snapping turtle bites you from afar!
* * * LOW HITPOINT WARNING * * *
Unknown command.
Unknown command.
Read which item? (? for menu, Esc to quit)
As you read the scroll of fear, it crumbles to dust.
You assume a fearsome visage.
The merfolk impaler looks frightened!
The snapping turtle easily resists.
The snapping turtle stops glowing.
The snapping turtle bites you from afar.
* * * LOW HITPOINT WARNING * * *
Unknown command.
Unknown command.
Read which item? (? for menu, Esc to quit)
As you read the scroll of teleportation, it crumbles to dust.
You feel strangely unstable.
The merfolk impaler prays for help.
The snapping turtle bites you from afar!!
You die...

≈≈≈≈≈t≈
≈≈≈≈≈m≈
≈≈≈≈≈≈m
.....≈≈
......≈ #####
......≈##≈@≈##
......≈#t≈≈≈≈#
....≈≈≈'(≈≈≈≈#
...≈≈≈≈#≈≈≈≈≈#
.≈≈≈≈≈≈##≈≈m##
.≈≈≈(≈≈ #####
#####≈≈ ≈≈≈≈
##≈ ≈≈≈≈ #≈
≈≈≈≈


You could see a merfolk impaler (fleeing) and a snapping turtle.

Vanquished Creatures
  Gastronok (D:11)
  An octopode crusher (Shoals:3)
  The ghost of Anothat the Severer, a mighty HOFi of Makhleb (Shoals:1)
  Roxanne (Elf:3)
  A deep elf sorcerer (Elf:3)
  Aizul (Elf:1)
  2 merfolk javelineers (Shoals:4)
  A minotaur (Lab)
  2 merfolk impalers
  4 hydras
  3 merfolk avatars
  A catoblepas (Lair:8)
  Erica (D:11)
  A dancing weapon (Elf:2)
  A satyr (Shoals:3)
  16 death yaks
  4 merfolk aquamancers
  2 ogre magi (Orc:4)
  7 deep elf knights
  Nergalle (Lair:3)
  A fire crab (Lair:7)
  2 deep trolls (Orc:4)
  6 sea snakes
  6 deep elf summoners
  An orc knight (Orc:3)
  4 hill giants
  4 water nymphs
  3 deep elf conjurers
  9 harpies
  5 fauns
  6 manticores
  5 lindwurms
  3 griffons
  2 cyclopes (Orc:4)
  6 sirens
  12 elephants
  Maurice (D:9)
  2 black mambas
  2 centaur zombies (D:13)
  An eye of devastation (shapeshifter) (Elf:3)
  15 spiny frogs
  2 fire drakes
  4 deep elf priests
  11 trolls
  10 komodo dragons
  A polar bear (Lair:4)
  A polar bear (shapeshifter) (Elf:2)
  15 merfolk
  7 two-headed ogres
  7 blink frogs
  20 deep elf magi
  4 snapping turtles
  A wyvern (Lair:7)
  A tarantella (shapeshifter) (D:13)
  A slime creature (D:13)
  35 yaks
  2 spriggans (Lair:4)
  8 water elementals
  3 basilisks
  10 hippogriffs
  13 deep elf fighters
  A hungry ghost (D:7)
  A shadow (D:13)
  2 steam dragons
  16 water moccasins
  13 wolves
  3 ice beasts
  5 sky beasts
  11 orc warriors
  2 spiders (Lair:4)
  A porcupine (Lair:1)
  3 black bears
  2 eyes of draining
  22 ogres
  20 crocodiles
  2 centaurs
  A necrophage (D:9)
  2 big kobolds
  18 giant frogs
  4 scorpions
  3 killer bees (D:13)
  2 electric eels (Lair:5)
  4 hounds
  12 orc priests
  2 crimson imps
  3 giant frog skeletons
  8 iguanas
  14 orc wizards
  3 centaur skeletons
  7 worker ants
  A jelly (D:9)
  12 sheep
  3 hound skeletons
  A worker ant zombie (D:5)
  3 adders
  40 river rats
  2 shadow imps
  2 adder zombies
  An adder skeleton (D:9)
  4 worms
  6 giant geckos
  88 orcs
  3 bats
  4 giant cockroaches
  3 goblins
  3 hobgoblins (D:2)
  10 kobolds
  A quokka (D:4)
  A giant newt (D:2)
  6 rats
  4 fungi
  20 plants
709 creatures vanquished.

Vanquished Creatures (collateral kills)
  2 merfolk impalers
  A merfolk avatar (Shoals:3)
  A sea snake (Shoals:1)
  3 harpies
  A water nymph (Shoals:1)
  A manticore (Shoals:3)
  A faun (Shoals:3)
  4 merfolk
  2 snapping turtles
  A hippogriff (Shoals:1)
  A centaur (Shoals:1)
18 creatures vanquished.

Vanquished Creatures (others)
  A manticore (Shoals:1)
  A troll (D:9)
  Grum (D:10)
  8 fungi
  17 plants
28 creatures vanquished.

Grand Total: 755 creatures vanquished

Notes
Turn   | Place    | Note
--------------------------------------------------------------
     0 | D:1      | 4thArraOfDagon the Troll Monk began the quest for the Orb.
     0 | D:1      | Reached XP level 1. HP: 22/22 MP: 0/0
   146 | D:2      | Reached XP level 2. HP: 15/29 MP: 1/1
   182 | D:2      | Found a glowing golden altar of the Shining One.
   371 | D:2      | Reached XP level 3. HP: 36/36 MP: 2/2
   421 | D:2      | Found a deep blue altar of Sif Muna.
   615 | D:3      | Found an ancient bone altar of Kikubaaqudgha.
   618 | D:3      | Found a basalt altar of Yredelemnul.
   621 | D:3      | Found a glowing golden altar of the Shining One.
   624 | D:3      | Found a bloodstained altar of Trog.
   629 | D:3      | You fall through a shaft!
   670 | D:4      | Found a stormy altar of Qazlal.
   731 | D:4      | Reached XP level 4. HP: 35/44 MP: 3/3
   762 | D:5      | Entered Level 5 of the Dungeon
   779 | D:6      | Noticed a giant frog
   786 | D:6      | Killed a giant frog
   786 | D:6      | Reached skill level 5 in Unarmed Combat
   786 | D:6      | Reached XP level 5. HP: 43/53 MP: 4/4
  1044 | D:5      | Noticed a sky beast
  1211 | D:4      | Reached XP level 6. HP: 32/61 MP: 5/5
  1265 | D:5      | Found a shimmering altar of Xom.
  1278 | D:5      | Noticed Sigmund
  1383 | D:7      | Noticed a hungry ghost
  1426 | D:8      | Found a sacrificial altar of Ru.
  1459 | D:8      | Became a worshipper of Ru the Awakened
  1495 | D:8      | Gained mutation: You cannot be stealthy. [Ru sacrifice]
  1591 | D:8      | Reached skill level 6 in Unarmed Combat
  1634 | D:7      | Noticed a hippogriff
  1651 | D:7      | Killed a hippogriff
  1651 | D:7      | Reached XP level 7. HP: 50/70 MP: 6/6
  1692 | D:7      | Killed a hungry ghost
  1755 | D:7      | Reached skill level 7 in Unarmed Combat
  1763 | D:7      | Found a blossoming altar of Fedhas.
  1772 | D:7      | Found a staircase to the Ecumenical Temple.
  1804 | D:7      | Gained mutation: Your flesh is heat resistant. [mutagenic meat]
  1806 | D:7      | Gained mutation: You occasionally shout uncontrollably at your foes. [mutagenic meat]
  1807 | D:7      | Gained mutation: You are partially covered in icy blue scales (AC +1). [mutagenic meat]
  1893 | D:8      | Reached XP level 8. HP: 57/79 MP: 7/7
  1898 | D:8      | Gained mutation: You are agile. (Dex +2) [mutagenic meat]
  1899 | D:8      | Gained mutation: You are weak. (Str -2) [mutagenic meat]
  1900 | D:8      | Lost mutation: Your flesh is heat resistant. [mutagenic meat]
  1977 | D:9      | Reached skill level 8 in Unarmed Combat
  2050 | D:10     | Entered Level 10 of the Dungeon
  2055 | D:10     | Reached skill level 5 in Fighting
  2055 | D:10     | Reached skill level 5 in Dodging
  2205 | D:10     | Reached skill level 9 in Unarmed Combat
  2365 | D:11     | Noticed a troll
  2384 | D:11     | Noticed Gastronok
  2407 | D:11     | Noticed Erica
  2407 | D:11     | Noticed a hill giant
  2411 | D:11     | Lost mutation: You are weak. (Str -2) [potion of cure mutation]
  2411 | D:11     | Lost mutation: You are partially covered in icy blue scales (AC +1). [potion of cure mutation]
  2411 | D:11     | Lost mutation: You occasionally shout uncontrollably at your foes. [potion of cure mutation]
  2411 | D:11     | Lost mutation: You are agile. (Dex +2) [potion of cure mutation]
  2422 | D:11     | Killed a hill giant
  2422 | D:11     | Reached XP level 9. HP: 89/89 MP: 8/8
  2437 | D:11     | Killed Erica
  2437 | D:11     | Reached skill level 10 in Unarmed Combat
  2465 | D:11     | Killed Gastronok
  2465 | D:11     | Reached skill level 11 in Unarmed Combat
  2465 | D:11     | Reached XP level 10. HP: 29/100 MP: 9/9
  2544 | D:10     | Noticed Grum
  2583 | D:11     | Noticed a centaur skeleton
  2603 | D:11     | Killed a centaur skeleton
  2643 | D:11     | Noticed a troll
  2663 | D:11     | Killed a troll
  2700 | D:11     | Killed a troll
  2797 | D:11     | Noticed a six-headed hydra
  3170 | D:13     | Reached skill level 12 in Unarmed Combat
  3312 | D:13     | Reached skill level 1 in Evocations
  3313 | D:13     | Gained mutation: You are slightly vulnerable to magic. [Ru sacrifice]
  3313 | D:13     | Acquired Ru's first power
  3313 | D:13     | Acquired Ru's second power
  3374 | D:13     | Got a brightly glowing hand crossbow
  3445 | D:13     | Got a twitching platinum ring
  3447 | D:13     | Identified the ring of Leegem {rElec MR+ Str+7 Slay+5} (You found it on level 13 of the Dungeon)
  3633 | D:14     | Reached XP level 11. HP: 102/110 MP: 10/10
  3634 | D:14     | Noticed Frances
  3635 | D:14     | Noticed a sun demon
  3807 | D:12     | Identified the +1 hand crossbow "Napuap" {elec, +Fly rC++ Int-4} (You found it on level 13 of the Dungeon)
  3812 | D:12     | Identified a scroll of acquirement
  3813 | D:12     | Got a twisted cloak
  3824 | D:12     | Identified the +1 cloak "Nuacwu Batto" {rElec Str+2 Dex+4} (You acquired it on level 12 of the Dungeon)
  3850 | D:12     | Noticed a brown ugly thing
  3877 | D:11     | Got an iridescent battleaxe
  3882 | D:11     | Identified the +8 battleaxe "Unifiuge" {freeze, +Fly rN+ MP+9} (You found it on level 11 of the Dungeon)
  3929 | D:11     | umm
  3929 | D:11     | naa
  3952 | D:10     | Found Omaerux's Book Shop.
  4024 | D:10     | Killed Grum
  4037 | D:9      | Noticed Maurice
  4053 | D:9      | Killed Maurice
  4310 | D:9      | Found a white marble altar of Elyvilon.
  4716 | D:10     | Noticed a hill giant
  4724 | D:10     | Killed a hill giant
  4981 | D:9      | Noticed a troll
  4986 | D:9      | Killed a troll
  5029 | D:9      | Noticed a troll
  5038 | D:9      | Killed a troll
  5091 | D:9      | Found a staircase to the Orcish Mines.
  5096 | Orc:1    | Entered Level 1 of the Orcish Mines
  5134 | Orc:1    | Reached skill level 13 in Unarmed Combat
  5300 | Orc:4    | Entered Level 4 of the Orcish Mines
  5300 | Orc:4    | Found a radiant altar of Vehumet.
  5335 | Orc:4    | Gained mutation: Your magical capacity is low (-10% MP). [Ru sacrifice]
  5587 | Orc:4    | Noticed an ogre mage
  5611 | Orc:4    | Killed an ogre mage
  5721 | Orc:4    | Noticed a hill giant
  5724 | Orc:4    | Noticed a hill giant
  5762 | Orc:4    | Killed a hill giant
  5765 | Orc:4    | Killed a hill giant
  5765 | Orc:4    | Reached XP level 12. HP: 39/122 MP: 12/12
  5892 | Orc:4    | Noticed a deep troll
  5909 | Orc:4    | Killed a deep troll
  5914 | Orc:4    | Noticed a deep troll
  5930 | Orc:4    | Killed a deep troll
  6010 | Orc:4    | Reached skill level 14 in Unarmed Combat
  6041 | Orc:4    | Noticed an ogre mage
  6049 | Orc:4    | Killed an ogre mage
  6054 | Orc:4    | Found Fedwel's Antique Weapon Shoppe.
  6161 | Orc:4    | Found Duefamom's Weapon Shoppe.
  6165 | Orc:4    | Found Secomam's Antique Armour Boutique.
  6183 | Orc:4    | Found Nemuel's Armour Emporium.
  6645 | Orc:3    | Found a staircase to the Elven Halls.
  6653 | Elf:1    | Entered Level 1 of the Elven Halls
  6706 | Elf:1    | Found a radiant altar of Vehumet.
  6840 | Elf:1    | Noticed Aizul
  6884 | Elf:2    | Found Hellui's Antique Weapon Shop.
  6914 | Elf:2    | im not impressed
  6936 | Elf:3    | Entered Level 3 of the Elven Halls
  6946 | Elf:3    | Noticed Roxanne
  7060 | Elf:3    | Reached skill level 15 in Unarmed Combat
  7060 | Elf:3    | Reached skill level 5 in Evocations
  7066 | Elf:3    | Reached XP level 13. HP: 37/131 MP: 14/14
  7169 | Elf:3    | Gained mutation: You can spit weak poison. [mutagenic meat]
  7170 | Elf:3    | Gained mutation: You are weak. (Str -2) [mutagenic meat]
  7171 | Elf:3    | Gained mutation: Your flesh is cold resistant. [mutagenic meat]
  7237 | Elf:3    | Found Guloymif's Gadget Emporium.
  7284 | Elf:3    | Bought a wand of heal wounds (4) for 1008 gold pieces
  7387 | Elf:3    | Killed Roxanne
  7389 | Elf:3    | Identified Roxanne's Papyrus of Ashen Changing (You took it off Roxanne on level 3 of the Elven Halls)
  7397 | Elf:3    | Learned a level 6 spell: Statue Form
  7401 | Elf:3    | Learned a level 3 spell: Passwall
  7481 | Elf:3    | Noticed a deep elf sorcerer
  7496 | Elf:3    | Killed a deep elf sorcerer
  7600 | Elf:3    | Gained mutation: You cannot train Armour skill. [Ru sacrifice]
  7600 | Elf:3    | Acquired Ru's third power
  7660 | Elf:2    | Reached skill level 1 in Earth Magic
  7709 | Elf:2    | Reached skill level 1 in Transmutations
  7750 | Elf:2    | Found a runed gate.
  7757 | Elf:2    | Found a runed gate.
  7757 | Elf:2    | Found a runed gate.
  7895 | Elf:1    | Killed Aizul
  7895 | Elf:1    | Reached skill level 1 in Spellcasting
  7915 | Elf:1    | Reached skill level 10 in Dodging
  8546 | D:10     | Bought a book of Necromancy for 420 gold pieces
  8550 | D:10     | Learned a level 3 spell: Regeneration
  8552 | D:10     | Learned a level 1 spell: Animate Skeleton
  8653 | D:11     | Noticed a komodo dragon
  8658 | D:11     | Killed a komodo dragon
  8680 | D:11     | Noticed a komodo dragon
  8695 | D:11     | Killed a komodo dragon
  8743 | D:11     | Found a staircase to the Lair.
  8768 | Lair:1   | Entered Level 1 of the Lair of Beasts
  8872 | Lair:2   | Reached skill level 16 in Unarmed Combat
  9242 | Lair:3   | Gained mutation: You are very weak. (Str -4) [Ru sacrifice]
  9242 | Lair:3   | Acquired Ru's fourth power
  9288 | Lair:4   | Reached XP level 14. HP: 140/140 MP: 15/15
  9536 | Lair:6   | Found a runed door.
  9699 | Lair:7   | Reached skill level 5 in Earth Magic
  9980 | Lair:8   | Entered Level 8 of the Lair of Beasts
  9982 | Lair:8   | Found a labyrinth entrance.
 10034 | Lab      | Entered a labyrinth
 10084 | Lab      | Gained mutation: You have somewhat slow reflexes. (-3 EV) [Ru sacrifice]
 10084 | Lab      | Acquired Ru's fifth power
 10239 | Lab      | Reached skill level 5 in Transmutations
 11098 | Lair:7   | Reached XP level 15. HP: 122/146 MP: 17/17
 11116 | Lair:7   | Reached skill level 1 in Necromancy
 11122 | Lair:7   | Reached skill level 1 in Charms
 11167 | Lair:7   | Identified a +0 rod of ignition (11/11) (You found it on level 7 of the Lair of Beasts)
 11536 | Lair:3   | Noticed Nergalle
 11546 | Lair:3   | Killed Nergalle
 11634 | Lair:3   | Found a blossoming altar of Fedhas.
 12020 | Lair:4   | Found a hole to the Spider Nest.
 12417 | Lair:6   | Found a staircase to the Shoals.
 12433 | Shoals:1 | Entered Level 1 of the Shoals
 12487 | Shoals:1 | Gained mutation: Your flesh is very cold resistant. [potion of mutation]
 12487 | Shoals:1 | Gained mutation: Your system is resistant to poisons. [potion of mutation]
 12488 | Shoals:1 | Gained mutation: You are partially covered in large bone plates (AC +2, SH +2). [potion of mutation]
 12488 | Shoals:1 | Lost mutation: Your system is resistant to poisons. [potion of mutation]
 12488 | Shoals:1 | Gained mutation: Armour fits poorly on your strangely shaped body. [potion of mutation]
 12489 | Shoals:1 | Lost mutation: You are very weak. (Str -4) [potion of mutation]
 12489 | Shoals:1 | Gained mutation: Your flesh is almost immune to the effects of cold. [potion of mutation]
 12489 | Shoals:1 | Gained mutation: You possess an exceptional clarity of mind. [potion of mutation]
 12655 | Shoals:1 | Noticed Anothat's ghost (mighty HOFi)
 12672 | Shoals:1 | Killed Anothat's ghost
 13067 | Shoals:2 | Identified the Guide on Torrid Transmutation (You found it on level 2 of the Shoals)
 13071 | Shoals:2 | Learned a level 2 spell: Stoneskin
 13311 | Shoals:2 | Learned a level 7 spell: Controlled Blink
 13652 | Shoals:3 | Got a scintillating bone ring
 13668 | Shoals:3 | Identified the cursed ring "Reog" {MR++ Str-3 Dex+3} (You found it on level 3 of the Shoals)
 13737 | Shoals:4 | Entered Level 4 of the Shoals
 13968 | Shoals:3 | Noticed an octopode crusher
 13989 | Shoals:3 | Killed an octopode crusher
 13989 | Shoals:3 | Reached skill level 10 in Earth Magic
 13989 | Shoals:3 | Reached XP level 16. HP: 37/156 MP: 14/20
 14055 | Shoals:3 | Found Puluihoo's Weapon Boutique.
 14141 | Shoals:4 | Reached skill level 5 in Spellcasting
 14416 | Shoals:4 | HP: 6/156 [merfolk impaler/trident of holy wrath (13)]
 14629 | Shoals:4 | Slain by a snapping turtle

Vault maps used:
D:1:      tarquinn_simple_flora_water_f, minmay_cupped
D:2:      nicolae_overflow_crystal_walls, nicolae_tso_carved_into_rock
D:3:      grunt_temple_overflow_cloverleaf, first_bread
D:4:      nicolae_qazlal_general_emergency, serial_shops, kennysheep_mini
D:5:      lemuel_doored_altar, uniq_sigmund, uniq_eustachio
D:6:      lemuel_round_altar, kennysheep_path_1
D:7:      cheibrodos_ashenzari_chains, old_standard_altar
D:8:      old_standard_altar, grunt_pizzeria,
          eino_small_chamber_without_monster, small_statue_intersection
D:9:      elyvilon_altar_4, orc_0_dummy, uniq_maurice
D:10:     serial_shops, shop, uniq_grum
D:11:     erik_lair_dragon, uniq_erica, uniq_gastronok
D:12:     grunt_decor_cap
D:14:     grunt_vaults_entry_fortified, kennysheep_pointless_box, uniq_frances
Lair:1:   lemuel_slime, dpeg_stationary_puzzle, infiniplex_staircase_pool
Lair:3:   st_stairs_10, tgw_fedhas, serial_bayou_shore_b, uniq_nergalle
Lair:4:   spider_nest_entry_funnel_web, serial_bayou_pond_e, forest_entry_grove,
          lemuel_fruit_fields
Lair:5:   minmay_lindwurm_lava, wad_woods_river_01, serial_bayou_shore_a
Lair:6:   minmay_shoals_entry_hut, special_room, st_stairs_3, pf_torpor_hydra
Lair:7:   minmay_slime_entry_oklob_enclosed, bh_autumn_forest_stairs
Lair:8:   hangedman_lair_in_review, lab_entry_generic, lemuel_fruit_tree,
          grunt_megastairs_3
Shoals:2: nicolae_shoals_seven_spires
Shoals:3: serial_shops, shop, nicolae_shoals_stone_sculpture_thing,
          hangedman_shoal_octodias
Shoals:4: shoals_end_simple, shoals_ilsuiw_alternative,
          nicolae_shoals_hunting_party
Orc:3:    nicolae_orc_pool_cavern
Orc:4:    st_orc_open, basic_altar
Elf:1:    eino_elf_arrival_altar, basic_altar, evilmike_minifort,
          hangedman_feature_mirror, st_stairs_11, kb_rosetta, uniq_aizul
Elf:2:    serial_shops, nicolae_shop_temple_entry_statues_fountains, shop,
          shop_statue, shop
Elf:3:    minmay_elf_hall_four_x, serial_shops, shop, uniq_norris, uniq_roxanne

Action                   |  1- 3 |  4- 6 |  7- 9 | 10-12 | 13-15 | 16-18 || total
-------------------------+-------+-------+-------+-------+-------+-------++-------
Melee: Unarmed           |    73 |   103 |   158 |   538 |  1067 |    79 ||  2018
Throw: Large rock        |       |     3 |    13 |    19 |    60 |    11 ||   106
 Cast: Regeneration      |       |       |       |       |    34 |     4 ||    38
       Animate Skeleton  |       |       |       |       |    25 |     5 ||    30
       Statue Form       |       |       |       |       |     1 |       ||     1
Invok: Sacrifice Stealth |       |     1 |       |       |       |       ||     1
       Sacrifice Essence |       |       |       |     2 |       |       ||     2
       Draw Out Power    |       |       |       |       |    10 |     1 ||    11
       Sacrifice Purity  |       |       |       |       |     1 |       ||     1
       Sacrifice Durabil |       |       |       |       |     1 |       ||     1
       Power Leap        |       |       |       |       |     9 |     3 ||    12
       Sacrifice Health  |       |       |       |       |     1 |       ||     1
       Apocalypse        |       |       |       |       |       |     2 ||     2
       Reject Sacrifices |       |       |       |       |       |     1 ||     1
 Abil: Evoke Flight      |       |       |       |       |     2 |     1 ||     3
       Evoke Berserk Rag |       |       |       |       |     1 |       ||     1
Evoke: Wand              |       |       |     1 |     8 |     9 |     8 ||    26
       Phantom mirror    |       |       |       |       |     1 |       ||     1
  Use: Potion            |       |       |     7 |     3 |     8 |     7 ||    25
       Scroll            |       |       |     4 |    18 |    16 |    10 ||    48
 Stab: Sleeping          |     1 |       |       |       |       |       ||     1
       Invisible         |       |       |       |     1 |    19 |     2 ||    22
       Distracted        |       |       |       |     1 |     8 |       ||     9
       Paralysed         |       |       |       |       |     5 |     1 ||     6
       Petrifying        |       |       |       |       |     1 |       ||     1
  Eat: Chunk             |     9 |     8 |    24 |    46 |    70 |     8 ||   165
       Beef jerky        |       |       |     1 |       |     3 |       ||     4
       Fruit             |       |       |     1 |       |       |       ||     1
       Pizza             |       |       |       |       |     1 |       ||     1
